 Dungeon Crawl Stone Soup version 0.29-a0-106-g0a07039d5a (webtiles) character file.

Game seed: 12953241091866416470

665 YayAnonymity the Chiller (level 7, -1/38 HPs)
             Began as a Deep Elf Ice Elementalist on Feb 16, 2022.
             Hit by a stone thrown by an orc warrior (14 damage)
             ... on level 4 of the Dungeon.
             The game lasted 00:13:49 (5489 turns).

YayAnonymity the Chiller (DEIE)                     Turns: 5489, Time: 00:13:49

Health: -1/38      AC:  3    Str:  5    XL:     7   Next: 31%
Magic:  13/16      EV: 12    Int: 22    God:
Gold:   129        SH:  5    Dex: 15    Spells: 8/16 levels left

rFire   . . .      SeeInvis .   f - +0 spear (flame)
rCold   . . .      Faith    .   (no shield)
rNeg    . . .      Spirit   .   a - +0 robe
rPois   .          Reflect  +   (no helmet)
rElec   .          Harm     .   n - +0 cloak
rCorr   .          Rampage  .   (no gloves)
Will    .....                   (no boots)
Stlth   ++........              d - amulet of reflection
HPRegen 0.12/turn               (no ring)
MPRegen 0.15/turn               (no ring)

@: no status effects
A: no striking features
a: no special abilities


You were on level 4 of the Dungeon.
You visited 1 branch of the dungeon, and saw 4 of its levels.
You also visited: Sewer.

You collected 129 gold pieces.

Inventory:

Hand Weapons
 f - a +0 spear of flaming (weapon)
 m - a +4 quarterstaff of chaos
Missiles
 g - a throwing net
 i - 10 poisoned darts (quivered)
Armour
 a - a +0 robe (worn)
 n - a +0 cloak (worn)
Jewellery
 d - an amulet of reflection (around neck)
Scrolls
 b - a scroll of fog {unknown}
 c - 2 scrolls of teleportation
 j - a scroll of magic mapping
 p - a scroll of enchant armour {unknown}
 s - a scroll of enchant weapon {unknown}
 v - 2 scrolls of holy word
Potions
 h - 2 potions of lignification
 k - 3 potions of might
 l - 2 potions of haste
 o - 2 potions of ambrosia {unknown}
 q - 2 potions of degeneration {unknown}
 r - a potion of curing {unknown}
 t - a potion of heal wounds {unknown}
 u - a potion of brilliance {unknown}


   Skills:
 + Level 1.2 Fighting
 + Level 1.6 Staves
 - Level 2.4 Dodging
 - Level 2.4 Stealth
 - Level 5.0 Spellcasting
 - Level 5.0 Conjurations
 - Level 7.0 Ice Magic


You had 8 spell levels left.
You knew the following spells:

 Your Spells              Type           Power      Damage    Failure   Level
a - Freeze                Ice            100%       1d11      1%          1
b - Frozen Ramparts       Ice            72%        1d9       1%          3
c - Hailstorm             Conj/Ice       31%        3d8       9%          4

Your spell library contained the following spells:

 Spells                   Type           Power      Damage    Failure   Level
 Ozocubu's Armour         Ice            36%        N/A       1%          3
 Animate Skeleton         Necr           10%        N/A       10%         1
 Apportation              Tloc           10%        N/A       10%         1
 Summon Small Mammal      Summ           20%        N/A       10%         1


Dungeon Overview and Level Annotations

Branches:
Dungeon (4/15)              Sewer (visited)
 Temple: D:4-7

Altars:
Qazlal


Message History

The orc priest invokes the aid of Beogh against you.
Beogh smites you!
Casting: Frozen Ramparts (safe; 1% risk of failure)
Confirm with . or Enter, or press ? or * to list all spells.
You can't see any susceptible monsters within range! (Use Z to cast anyway.)
Your frozen ramparts will break if you move.
Continue?
Okay, then.
The orc warrior zaps a wand.
You easily resist.
The orc priest casts a cantrip, but nothing happens.
Throw: 12 darts (poison)
Press: ? - help, Q - select action, (/) - cycle Shift-Dir - straight line, f - orc priest
Aim: an orc priest, wielding a +0 mace and wearing a +0 chain mail (65% to hit)
You throw a poisoned dart. The poisoned dart hits the orc priest.
The orc warrior zaps a wand.
You easily resist.
The orc priest drinks a potion.
The orc priest seems to speed up.
Throw: 11 darts (poison)
Press: ? - help, Q - select action, (/) - cycle Shift-Dir - straight line, f/p - orc priest
Aim: an orc priest, wielding a +0 mace and wearing a +0 chain mail (fast, 65% to hit)
You throw a poisoned dart.
The poisoned dart barely misses the orc priest.
The orc priest looks encouraged for a moment.
Your frozen ramparts will break if you move.
Continue?
Okay, then.
Casting: Frozen Ramparts (safe; 1% risk of failure)
Confirm with . or Enter, or press ? or * to list all spells.
The spell is quite dangerous to miscast (9% risk of failure)!
Continue anyway? [Y]es or [N]o only, please.
The spell is quite dangerous to miscast (9% risk of failure)!
Continue anyway?
Casting: Hailstorm (quite dangerous; 9% risk of failure)
Press: ? - help, Dir - look around, f - activate
Okay, then.
Unknown command.
Your frozen ramparts will break if you move.
Continue?
Okay, then.
Your frozen ramparts will break if you move.
Continue?
The frozen ramparts melt away as you move.
The orc priest looks encouraged for a moment.
The orc priest invokes the aid of Beogh against you.
Beogh smites you!
The orc warrior throws a stone.
The stone hits you!
You die...

#...<...# *,******..,,...,*
#.#)..#.# *,* *.#**#.#,******
#.##.##,* #,* *.# #.#,,>,,,,
#.##.#*,# #.* *.# #.#*******
#.##.##.###.######$# #.#
#.##........:......# ##.##
#.##..#......o....####...####
#.........((o...............#
##.#.######.###@....##...##.#
#.#.# #.#...............####
#.#.#*####.#.#.....##...#......
#.#.##.................##...###
###.#....#,###..###............#
........##*,*#..# #..######..#.##
.........#,**#..###..##..........
........#.#* #.......##.###..#...
#.#####.### #)###.#.##.# #..####


You could see an orc warrior and an orc priest (fast).

Vanquished Creatures
  Sigmund (D:3)
  An ogre (D:4)
  A scorpion (D:4)
  Crazy Yiuf (D:2)
  Natasha (thrice) (D:3)
  An iguana (D:4)
  2 orc wizards (D:3)
  A hound skeleton (D:4)
  6 adders
  A river rat (Sewer)
  An ufetubus (D:4)
  5 worms
  5 orcs
  4 bats
  10 endoplasms
  6 giant cockroaches
  4 goblins (D:1)
  6 hobgoblins
  7 quokkas
  7 ball pythons
  11 frilled lizards
  4 kobolds
  14 rats
102 creatures vanquished.

Vanquished Creatures (others)
  A plant (D:3)
1 creature vanquished.

Grand Total: 103 creatures vanquished

Notes
Turn   | Place    | Note
-------+----------+-------------------------------------------
     0 | D:1      | YayAnonymity the Deep Elf Ice Elementalist began the quest
                  | for the Orb.
     0 | D:1      | Reached XP level 1. HP: 10/10 MP: 6/6
   371 | D:1      | Reached XP level 2. HP: 15/15 MP: 5/8
   637 | D:1      | Found a faded altar of an unknown god.
   642 | D:1      | Reached skill level 5 in Ice Magic
   967 | D:1      | Reached XP level 3. HP: 16/19 MP: 10/10
  1726 | D:2      | Learned a level 3 spell: Frozen Ramparts
  2638 | D:2      | Reached XP level 4. HP: 19/24 MP: 12/12
  2745 | D:2      | Found a runed translucent door.
  2746 | D:2      | Noticed Crazy Yiuf
  2960 | D:2      | Killed Crazy Yiuf
  3170 | D:3      | Found a stormy altar of Qazlal.
  3228 | D:3      | Learned a level 4 spell: Hailstorm
  3292 | D:3      | Reached skill level 6 in Ice Magic
  3510 | D:3      | Noticed Natasha
  3551 | D:3      | Killed Natasha
  3552 | D:3      | Reached XP level 5. HP: 22/28 MP: 6/13
  3857 | D:3      | Noticed Natasha
  3863 | D:3      | Killed Natasha
  3864 | D:3      | Reached skill level 1 in Conjurations
  3877 | D:3      | Noticed Natasha
  3885 | D:3      | Killed Natasha
  3995 | D:3      | Noticed Sigmund
  4017 | D:3      | Killed Sigmund
  4018 | D:3      | Reached skill level 5 in Spellcasting
  4018 | D:3      | Reached skill level 7 in Ice Magic
  4018 | D:3      | Reached XP level 6. HP: 22/32 MP: 12/15
  4434 | D:4      | Noticed an orc warrior
  4700 | D:4      | Reached skill level 5 in Conjurations
  4700 | D:4      | Reached XP level 7. HP: 23/36 MP: 12/16
  4735 | D:4      | Reached skill level 1 in Fighting
  4735 | D:4      | Reached skill level 1 in Staves
  4886 | D:4      | Found a glowing drain.
  4905 | Sewer    | Entered a sewer
  5489 | D:4      | Hit by a stone thrown by an orc warrior

Illustrated notes

Levels and vault maps discovered:
D:1:      amcnicky_arrival_single_pillar, layout_basic,
          dreamdust_ecumenical_altar_statues, serial_park_tiny_2
D:2:      layout_loops_ring, serial_forest, infiniplex_forest_clump_small,
          infiniplex_forest_lined_3, infiniplex_forest_end_1,
          infiniplex_forest_lined_4_way, infiniplex_forest_clump_double,
          infiniplex_forest_end_1, minmay_close_crescents,
          uniq_crazy_yiuf_cottage
D:3:      layout_basic, mainiacjoe_overflow_chevrons, uniq_sigmund, uniq_natasha
D:4:      layout_loops_ring, cheibrodos_sewer_entry_bend

Skill      XL: |  1  2  3  4  5  6  7 |
---------------+----------------------+-----
Ice Magic      | 5 6 7 |  7.0
Spellcasting   | 4 5 |  5.0
Conjurations   | 3 5 |  5.0
Fighting       | 1 |  1.2
Staves         | 1 |  1.6
Dodging        | |  2.4
Stealth        | |  2.4

Action                   |  1- 3 |  4- 6 |  7- 9 || total
-------------------------+-------+-------+-------++-------
Melee: Spear             |   140 |    42 |    53 ||   235
       Club              |     2 |       |       ||     2
       Punch             |     5 |       |     1 ||     6
       Quarterstaff      |       |    10 |       ||    10
Throw: Dart              |     1 |       |     2 ||     3
 Cast: Freeze            |    43 |    31 |    16 ||    90
       Frozen Ramparts   |       |     6 |     4 ||    10
  Use: Scroll            |       |       |     7 ||     7
 Stab: Sleeping          |     4 |     3 |     2 ||     9
Armor: Robe              |     5 |    12 |     6 ||    23
Dodge: Dodged            |    29 |    28 |    23 ||    80
Block: Other             |       |     8 |     8 ||    16

Table legend: (Time is in decaauts)
 A = Elapsed time spent in this place.
 B = Non-inter-level travel time spent in this place.
 C = Inter-level travel time spent in this place.
 D = Time resting spent in this place.
 E = Time spent auto-exploring this place.
 F = Levels seen in this place.
 G = Mean time per level.
                   A        B        C        D        E       F      G
               +--------+--------+--------+--------+--------+-----+--------+
         Total |   5579 |   5308 |    271 |    472 |   3373 |   5 | 1115.8 |
       Dungeon |   5073 |   4802 |    271 |    451 |   3183 |   4 | 1268.2 |
         Sewer |    505 |    505 |      0 |     21 |    190 |   1 |  505.0 |
               +--------+--------+--------+--------+--------+-----+--------+

Top non-repeatable levels by time:
     D:2: 1707 daAuts
     D:1: 1520 daAuts
     D:3: 1408 daAuts
   Sewer: 505 daAuts
     D:4: 437 daAuts
